 Dungeon Crawl Stone Soup version 0.20.1-1-g8b1a95d (webtiles) character file.

683 Maskull the Shield-Bearer (level 7, 0/61 HPs)
             Began as a Hill Orc Fighter on Aug 22, 2017.
             Succumbed to an adder's poison
             ... in a sewer.
             The game lasted 00:11:32 (2966 turns).

Maskull the Shield-Bearer (Hill Orc Fighter)        Turns: 2966, Time: 00:11:32

Health: 0/61       AC:  9    Str: 21    XL:     7   Next: 61%
Magic:  7/7        EV:  6    Int:  8    God:
Gold:   81         SH: 15    Dex: 10    Spells: 6/6 levels left

rFire    . . .     SeeInvis .   a - +1 long sword
rCold    + . .     Gourm    .   q - +0 large shield
rNeg     . . .     Faith    .   b - +1 scale mail
rPois    .         Spirit   .   (no helmet)
rElec    .         Reflect  .   (no cloak)
rCorr    +         Harm     .   r - +0 pair of gloves
MR       .....                  (no boots)
Stlth    ..........             d - amulet of regeneration
Regen    0.2/turn               g - ring of protection from cold
MPRegen  0.1/turn               u - ring of resist corrosion

@: lethally poisoned (0 -> -3), very slightly contaminated
A: no striking features
a: no special abilities


You were in a sewer.
You were near starving.

You visited 1 branch of the dungeon, and saw 5 of its levels.
You also visited: Sewer.

You collected 81 gold pieces.

Inventory:

Hand Weapons
 a - a +1 long sword (weapon)
Armour
 b - a +1 scale mail (worn)
 c - a +0 shield
 q - a +0 large shield (worn)
 r - a +0 pair of gloves (worn)
Jewellery
 d - an amulet of regeneration (around neck)
 g - a ring of protection from cold (left hand)
 t - an uncursed ring of teleportation
 u - a ring of resist corrosion (right hand)
Wands
 p - a wand of scattershot (0/9)
 s - a wand of lightning (6/15)
Scrolls
 h - 4 scrolls of identify
 m - a scroll of amnesia
 o - a scroll of remove curse
Potions
 j - 3 potions of curing
Comestibles
 f - 3 bread rations
 l - 3 meat rations
 n - 3 fruits


   Skills:
 * Level 5.3 Fighting
 * Level 5.1 Long Blades
 * Level 4.7 Armour
 * Level 1.6 Dodging
 * Level 5.9 Shields


You had 6 spell levels left.
You didn't know any spells.

Dungeon Overview and Level Annotations

Branches:
Dungeon (5/15)             Temple (0/1) D:5

Altars:
Dithmenos
Okawaru
Trog
Vehumet


Message History

You block the adder's attack.
You feel sick. You block the adder's attack.
The adder bites you but does no damage. You block the adder's attack.
You block the adder's attack.
You feel sick. The adder bites you.
* * * LOW HITPOINT WARNING * * *
You are lethally poisoned!
The adder poisons you! You block the adder's attack.
There is a glowing drain here.
* * * LOW HITPOINT WARNING * * *
You feel sick. You block the adder's attack.
You block the leopard gecko's attack.
The world spins around you as you enter the gateway.
You enter a sewer!
* * * LOW HITPOINT WARNING * * *
You feel sick.
Found a gate leading back out of this place.
There is an empty arch of ancient stone here.
You die...

#####
#@..#
#.∩.#
#.∩...≈.#
#.....≈.#
#####.≈...
.≈.## ≈.#
≈.# ##


There were no monsters in sight!

Vanquished Creatures
  The ghost of Fingolfin the Chopper, an amateur FoMo of Okawaru (D:4)
  A howler monkey (D:4)
  A centaur zombie (D:5)
  A bullfrog zombie (D:5)
  2 hounds
  Natasha (thrice) (D:3)
  3 iguanas
  A worker ant (D:3)
  An orc wizard (D:2)
  A hound skeleton (D:4)
  3 adders
  An ooze (D:2)
  5 dart slugs
  6 leopard geckos
  An orc (D:3)
  A ball python (D:3)
  6 giant cockroaches
  8 hobgoblins
  A quokka (D:4)
  A ball python skeleton (D:3)
  4 bats
  2 frilled lizards
  9 goblins
  3 kobolds
  8 rats
74 creatures vanquished.

Notes
Turn   | Place    | Note
-------+----------+-------------------------------------------
     0 | D:1      | Maskull the Hill Orc Fighter began the quest for the Orb.
     0 | D:1      | Reached XP level 1. HP: 19/19 MP: 1/1
   198 | D:1      | You fall through a shaft!
   209 | D:2      | Reached XP level 2. HP: 24/27 MP: 2/2
   669 | D:1      | Reached XP level 3. HP: 23/33 MP: 3/3
  1016 | D:2      | Reached XP level 4. HP: 12/40 MP: 4/4
  1414 | D:3      | Noticed Natasha
  1426 | D:3      | Killed Natasha
  1426 | D:3      | Reached XP level 5. HP: 41/47 MP: 5/5
  1515 | D:3      | Noticed Natasha
  1519 | D:3      | Killed Natasha
  1698 | D:3      | Noticed Natasha
  1703 | D:3      | Killed Natasha
  1772 | D:3      | Found a bloodstained altar of Trog.
  2033 | D:4      | Noticed Fingolfin's ghost (amateur FoMo)
  2061 | D:4      | Killed Fingolfin's ghost
  2061 | D:4      | Reached skill level 1 in Dodging
  2061 | D:4      | Reached skill level 5 in Shields
  2061 | D:4      | Reached XP level 6. HP: 55/55 MP: 6/6
  2095 | D:4      | Reached XP level 7. HP: 60/60 MP: 7/7
  2154 | D:4      | Reached skill level 5 in Fighting
  2554 | D:4      | Found a radiant altar of Vehumet.
  2559 | D:4      | Found a shadowy altar of Dithmenos.
  2768 | D:5      | Entered Level 5 of the Dungeon
  2773 | D:5      | Found an iron altar of Okawaru.
  2821 | D:5      | Reached skill level 5 in Long Blades
  2957 | D:5      | Found a glowing drain.
  2961 | D:5      | HP: 2/61 [adder (3)]
  2964 | Sewer    | Entered a sewer
  2966 | Sewer    | Succumbed to an adder's poison

Skill      XL: |  1  2  3  4  5  6  7 |
---------------+----------------------+-----
Fighting       | 4 5 |  5.3
Shields        | 4 5 |  5.9
Long Blades    | 3 4 5 |  5.1
Armour         | 4 |  4.7
Dodging        | 1 |  1.6

Action                   |  1- 3 |  4- 6 |  7- 9 || total
-------------------------+-------+-------+-------++-------
Melee: Long sword        |   102 |   147 |   107 ||   356
Evoke: Wand              |       |       |     2 ||     2
  Use: Potion            |     1 |     4 |       ||     5
       Scroll            |       |    10 |     9 ||    19
  Eat: Meat ration       |       |     1 |       ||     1
       Fruit             |       |       |     1 ||     1
Armor: Scale mail        |    46 |    55 |    67 ||   168
Dodge: Dodged            |    23 |    33 |    30 ||    86
Block: Shield            |    44 |       |       ||    44
       Large shield      |     6 |   128 |   124 ||   258
       Rpst.: Long sword |     5 |     6 |    10 ||    21
